 Dungeon Crawl Stone Soup version 0.31-a0-204-g7da18cac08 (webtiles) character file.

Game seed: 6426960343379475287

1336 tilp the Sneak (level 8, -2/61 HPs)
             Began as a Vampire Enchanter on June 28, 2023.
             Was an Initiate of Wu Jian.
             Slain by Menkaure (20 damage)
             ... on level 7 of the Dungeon.
             The game lasted 00:08:09 (5344 turns).

tilp the Sneak (Vampire Enchanter)                  Turns: 5344, Time: 00:08:10

Health: -2/61      AC:  5    Str:  7    XL:     8   Next: 35%
Magic:  12/15      EV: 13    Int: 20    God:    Wu Jian [......]
Gold:   48         SH:  0    Dex: 14    Spells: 5/16 levels left

rFire   . . .        a - +2 dagger
rCold   . . .        (no shield)
rNeg    + + .        A - +0 robe
rPois   .            x - +0 helmet of Fortification {Rampage Fly rElec Will+}
rElec   +            w - scarf {repulsion}
rCorr   .            (no gloves)
SInv    +            q - +1 pair of boots
Will    +....        (no amulet)
Stlth   +++          s - ring of positive energy
HPRegen 0.50/turn    v - ring of positive energy
MPRegen 0.14/turn

%: repel missiles, rampage
@: flying, healing quickly
A: alive, fangs 3, see invisible, vampiric 2
a: Exsanguinate, Renounce Religion


You were on level 7 of the Dungeon.
You worshipped Wu Jian.
Wu Jian was noncommittal.
You visited 2 branches of the dungeon, and saw 8 of its levels.

You collected 323 gold pieces.
You spent 275 gold pieces at shops.

Inventory:

Hand Weapons
 a - a +2 dagger (weapon)
 b - the +7 trident of Traps {flame, rPois}
   (You found it on level 6 of the Dungeon)

   rPois:     It protects you from poison.
Missiles
 d - 12 poisoned darts (quivered)
 k - 3 javelins
 m - 2 throwing nets
 n - 2 silver boomerangs
 t - 6 boomerangs
Armour
 q - a +1 pair of boots (worn)
 w - a scarf of repulsion (worn)
 x - the +0 helmet of Fortification (worn) {Rampage Fly rElec Will+}
   (You bought it in a shop on level 6 of the Dungeon)

   rElec:     It insulates you from electricity.
   Fly:       It grants you flight.
   Rampage:   It bestows one free step when moving towards enemies.
   Will:      It increases your willpower.
 A - a +0 robe (worn)
Jewellery
 h - a ring of willpower
 i - a ring of fire
 s - a ring of positive energy (left hand)
 v - a ring of positive energy (right hand)
Wands
 e - a wand of acid (21)
 y - a wand of flame (54)
Scrolls
 f - a scroll of fear
 g - 3 scrolls of identify
 u - a scroll of fog
 z - a scroll of teleportation
 B - 2 scrolls of torment
 D - a scroll of vulnerability
Potions
 c - 2 potions of invisibility
 j - a potion of mutation
 l - 5 potions of curing
 o - a potion of lignification
 p - a potion of ambrosia
 r - a potion of berserk rage


   Skills:
 * Level 4.4 Fighting
 + Level 3.9 Short Blades
 - Level 4.0 Dodging
 + Level 7.0 Stealth
 * Level 4.9 Spellcasting
 + Level 6.6 Hexes
 - Level 2.0 Evocations


You had 5 spell levels left.
You knew the following spells:

 Your Spells              Type           Power      Damage    Failure   Level
a - Ensorcelled Hibernat  Hex/Ice        36%        N/A       4%          2
b - Confusing Touch       Hex            31%        N/A       2%          3
c - Tukima's Dance        Hex            31%        N/A       2%          3
d - Dazzling Flash        Conj/Hex       36%        N/A       9%          3

Your spell library contained the following spells:

 Spells                   Type           Power      Damage    Failure   Level
 Summon Guardian Golem    Hex/Summ       18%        N/A       9%          3
 Orb of Destruction       Conj           2%         9d5       100%        7
 Spellforged Servitor     Conj/Summ      2%         N/A       100%        7


Dungeon Overview and Level Annotations

Branches:
Dungeon (7/15)             Temple (1/1) D:5

Altars:
Ashenzari
Cheibriados
Dithmenos
Fedhas
Gozag
Hepliaklqana
Kikubaaqudgha
Makhleb
Nemelex Xobeh
Okawaru
Qazlal
Ru
Sif Muna
Trog
Uskayaw
Vehumet
Wu Jian

Shops:
D:6 [

Annotations:
D:7 Menkaure


Innate Abilities, Weirdness & Mutations

Your natural rate of healing is accelerated.
You have razor-sharp teeth.
You have supernaturally acute eyesight. (SInv)
You are afflicted with vampirism and can become a bat while bloodless.


Message History

You see here a vampire mosquito corpse.
You see here a vampire mosquito corpse.
You start resting.
Magic restored.
You start resting.
HP restored.
You see here a vampire mosquito corpse.
You see here a vampire mosquito corpse.
y - a wand of flame (54) (gained 27 charges) Menkaure, Prince of Dust comes into view.
You rampage towards Menkaure!
Menkaure shouts!
Menkaure hits you but does no damage.
You hit Menkaure. You bite Menkaure.
Menkaure is lightly damaged.
Casting: Confusing Touch (dangerous; 2% risk of failure)
Confirm with . or Enter, or press ? or * to list all spells.
Your hands begin to glow red.
Menkaure calls on the powers of darkness!
Your body is wracked with pain!
You hit Menkaure but do no damage. You bite Menkaure, but do no damage.
Menkaure is lightly damaged.
Menkaure hits you!!
* * * LOW HITPOINT WARNING * * *
You barely miss Menkaure.
Menkaure is lightly damaged.
You hit Menkaure but do no damage.
Menkaure is lightly damaged.
Menkaure hits you.
* * * LOW HITPOINT WARNING * * *
You hit Menkaure but do no damage.
Menkaure appears confused.
You bite Menkaure, but do no damage.
Menkaure is lightly damaged.
Menkaure closely misses you.
You hit Menkaure.
Menkaure is moderately damaged.
You barely miss Menkaure.
Menkaure is moderately damaged.
Menkaure hits you!!
You die...

#.....###.##
#.# #######
#.# #†# #.#
#†# #.#####
#####.###
#.#...#
#....#...
#.....#
#.###.###
###...# #.#
#.# ##.##
##.###.# #@#
#####...##.###
#M#
#............#
#.#
#.###......#.#
#.# #.#
##.....#.# #.#
#.# #.....#.#
#.#
#.####.....#.#
#.#
#.#...........
#.#
#.#.###.#.....
#.#.##.###.#.#


You could see Menkaure (confused).

Vanquished Creatures
  A steam dragon (D:6)
  2 vampire mosquitoes (D:7)
  2 black bears
  An ogre (D:6)
  A bullfrog (D:6)
  2 scorpions (D:5)
  A howler monkey (D:4)
  2 jellies (D:4)
  3 hounds
  3 sleepcaps
  2 iguanas
  An orc wizard (D:3)
  7 adders
  A white imp (D:6)
  An ufetubus (D:5)
  A worm (D:3)
  4 dart slugs (D:4)
  10 orcs
  5 ball pythons
  3 bats
  4 endoplasms
  4 giant cockroaches
  5 goblins
  5 hobgoblins
  4 quokkas
  3 frilled lizards
  10 kobolds
  5 rats
93 creatures vanquished.

Notes
Turn   | Place    | Note
-------+----------+-------------------------------------------
     0 | D:1      | tilp the Vampire Enchanter began the quest for the Orb.
     0 | D:1      | Reached XP level 1. HP: 13/13 MP: 3/3
   173 | D:1      | Reached XP level 2. HP: 20/20 MP: 5/5
   176 | D:1      | Learned a level 2 spell: Ensorcelled Hibernation
   229 | D:1      | Found a faded altar of an unknown god.
   967 | D:2      | Reached skill level 1 in Fighting
  1357 | D:2      | Gained mutation: You are afflicted with vampirism and can
                  | become a bat while bloodless. [Vampire growth]
  1357 | D:2      | Reached XP level 3. HP: 26/26 MP: 3/6
  1361 | D:2      | Learned a level 3 spell: Confusing Touch
  1823 | D:3      | You fall into a shaft and drop 1 floor!
  2103 | D:3      | Found a blossoming altar of Fedhas.
  2144 | D:3      | Reached skill level 5 in Stealth
  2144 | D:3      | Reached XP level 4. HP: 25/33 MP: 1/8
  2157 | D:3      | Learned a level 3 spell: Tukima's Dance
  2376 | D:3      | Found a sacrificial altar of Ru.
  2843 | D:4      | Reached skill level 5 in Hexes
  2843 | D:4      | Reached XP level 5. HP: 38/38 MP: 9/9
  3349 | D:4      | Reached XP level 6. HP: 46/46 MP: 11/11
  3353 | D:4      | Learned a level 3 spell: Dazzling Flash
  3611 | D:5      | Entered Level 5 of the Dungeon
  3715 | D:5      | Found a sparkling altar of Nemelex Xobeh.
  4012 | D:5      | Found a staircase to the Ecumenical Temple.
  4035 | Temple   | Entered the Ecumenical Temple
  4189 | Temple   | Became a worshipper of the Wu Jian Council
  4414 | D:5      | Reached skill level 6 in Stealth
  4414 | D:5      | Reached skill level 1 in Evocations
  4414 | D:5      | Reached XP level 7. HP: 52/52 MP: 12/12
  4567 | D:6      | Found Tigyfizu's Antique Armour Boutique.
  4589 | D:6      | Bought an ancient helmet for 275 gold pieces
  4589 | D:6      | Identified the +0 helmet of Fortification {Rampage Fly
                  | rElec Will+} (You bought it in a shop on level 6 of the
                  | Dungeon)
  4619 | D:6      | Noticed a steam dragon
  4624 | D:6      | Killed a steam dragon
  4749 | D:6      | Reached XP level 8. HP: 60/60 MP: 9/14
  4820 | D:6      | Identified the +7 trident of Traps {flame, rPois}
  5107 | D:7      | Reached skill level 7 in Stealth
  5334 | D:7      | Noticed Menkaure
  5344 | D:7      | Slain by Menkaure

Illustrated notes

Levels and vault maps discovered:
D:1:      denvon_arrival_planthouse, layout_basic,
          chequers_ecumenical_altar_simple_redux, nicolae_the_louvre
D:2:      layout_loops_ring, minmay_misc_feat_more_columns, minmay_pentomino_s4
D:3:      layout_loops_cross, fedhas_altar_2, nicolae_ru_path_of_blood
D:4:      layout_loops_ring
D:5:      layout_basic, mainiacjoe_overflow_surrounded_room,
          minmay_temple_entry_trees
D:6:      layout_rooms, serial_shops, nicolae_shop_tiny_waterfront
D:7:      layout_loops_ring, nicolae_ea-nasir_strikes_again,
          nicolae_stop_n_shop_2, kennysheep_generic_room_10, uniq_menkaure
Temple:   minmay_crystal_spiral_temple

Skill      XL: |  1  2  3  4  5  6  7  8 |
---------------+-------------------------+-----
Fighting       | 1 2 3 4 |  4.4
Stealth        | 5 6 7 |  7.0
Short Blades   | 2 3 |  3.9
Spellcasting   | 3 4 |  4.9
Hexes          | 5 6 |  6.6
Dodging        | 3 4 |  4.0
Evocations     | 1 2 |  2.0

Action                     |  1- 3 |  4- 6 |  7- 9 || total
---------------------------+-------+-------+-------++-------
  Melee: Dagger            |   113 |    76 |    40 ||   229
         Bite              |     9 |     8 |     7 ||    24
   Cast: Ensorcelled Hiber |    18 |    29 |     6 ||    53
         Confusing Touch   |       |     2 |     4 ||     6
Ability: Lunge             |       |       |     1 ||     1
    Use: Scroll            |     9 |     4 |     4 ||    17
   Stab: Sleeping          |    20 |    34 |    10 ||    64
         Distracted        |       |     1 |       ||     1
         Confused          |       |     1 |     3 ||     4
 Armour: Robe              |    16 |     9 |     3 ||    28
  Dodge: Dodged            |    58 |    34 |    16 ||   108

Table legend: (Time is in decaauts)
 A = Elapsed time spent in this place.
 B = Non-inter-level travel time spent in this place.
 C = Inter-level travel time spent in this place.
 D = Time resting spent in this place.
 E = Time spent auto-exploring this place.
 F = Levels seen in this place.
 G = Mean time per level.
                   A        B        C        D        E       F      G
               +--------+--------+--------+--------+--------+-----+--------+
         Total |   5319 |   5078 |    241 |    263 |   4005 |   8 |  664.9 |
       Dungeon |   5083 |   4923 |    160 |    263 |   3871 |   7 |  726.1 |
        Temple |    235 |    154 |     81 |      0 |    134 |   1 |  235.0 |
               +--------+--------+--------+--------+--------+-----+--------+

Top non-repeatable levels by time:
     D:3: 1031 daAuts
     D:2: 925 daAuts
     D:1: 839 daAuts
     D:4: 800 daAuts
     D:5: 714 daAuts
     D:6: 452 daAuts
     D:7: 320 daAuts
  Temple: 235 daAuts
